3AAA
HOUSTON BC @ SANTA BARBARA GOLDEN CRANES
08/09/2024
 
TOP OF THE 1ST
Houston BC batting - Pitching for Santa Barbara Golden Cranes : RHP Alex Simmons
Pitching: RHP Alex Simmons
Batting: RHB Ludovico Trezza 0-0: Called Strike
0-1: Called Strike
0-2: Ball
1-2: Ball
2-2: Ground out 2-3 (Groundball, 23)
Batting: LHB Álex Ramírez 0-0: Foul Ball, location: 2F
0-1: Ball
1-1: Ball
2-1: Foul Ball, location: 2F
2-2: Ball
3-2: Foul Ball, location: 2F
3-2: Base on Balls
Batting: SHB Ricardo Pérez 0-0: Ball
1-0: Foul Ball, location: 2F
1-1: Ball
2-1: Ball
3-1: Foul Ball, location: 2F
3-2: Base on Balls
Álex Ramírez to second
Batting: LHB Raúl Trevino 0-0: SINGLE (Flyball, 89S)
Álex Ramírez to third
Ricardo Pérez to second
Throwing error, E9
Álex Ramírez scores
Ricardo Pérez to third
Raúl Trevino to second
Batting: RHB Joseph Gray 0-0: Fly out, F3 (Popup, 3L)
Batting: RHB Dennis Morrow 0-0: Ball
1-0: Ball
Wild Pitch!
Ricardo Pérez scores
Raúl Trevino to third
2-0: Called Strike
2-1: Ground out 6-3 (Groundball, 6)
Top of the 1st over - 2 run(s), 1 hit(s), 1 error(s), 1 left on base; Houston 2 - Santa Barbara 0
BOTTOM OF THE 1ST
Santa Barbara Golden Cranes batting - Pitching for Houston BC : LHP Shawn Arnold
Pitching: LHP Shawn Arnold
Batting: RHB Everette Jeffers 0-0: Ball
1-0: Ball
2-0: Ball
3-0: Base on Balls
Batting: RHB Ted Young 0-0: Swinging Strike
0-1: Fly out, F5 (Line Drive, 56)
Batting: RHB Logan Manning 0-0: Ball
1-0: Ball
2-0: Ball
3-0: Called Strike
3-1: Foul Ball, location: 2F
3-2: Base on Balls
Everette Jeffers to second
Batting: RHB Xavier Hernández 0-0: Ball
1-0: Ball
2-0: Ball
3-0: Base on Balls
Everette Jeffers to third
Logan Manning to second
Batting: RHB Gilbert Graham 0-0: Foul Ball, location: 2F
0-1: Ball
1-1: SINGLE (Groundball, 56D)
Everette Jeffers scores
Logan Manning to third
Xavier Hernández to second
Runner from 3rd tries for Home, SAFE, throw made at trailing runner, SAFE at third!
Batting: RHB Salvador Noriega 0-0: Called Strike
0-1: Ball
1-1: Ball
2-1: Foul Ball, location: 2F
2-2: Fly out, F8 (Flyball, 8LM)
2-2: Fly out, F8 (Flyball, 8LM)
Batting: LHB Manny Rosário 0-0: Called Strike
0-1: Ball
1-1: Ball
2-1: Fly out, F8 (Flyball, 8LM)
Bottom of the 1st over - 2 run(s), 1 hit(s), 0 error(s), 2 left on base; Houston 2 - Santa Barbara 2
TOP OF THE 2ND
Houston BC batting - Pitching for Santa Barbara Golden Cranes : RHP Alex Simmons
Batting: RHB António Sánchez 0-0: Ball
1-0: SINGLE (Groundball, 4MD)
Batting: RHB Albert Delgado 0-0: Fly out, F6 (Popup, 6M)
Batting: RHB León Cabrera 0-0: Ball
1-0: Called Strike
1-1: Swinging Strike
1-2: Strikes out swinging
Batting: RHB Ludovico Trezza 0-0: Ball
1-0: Foul Ball, location: 2F
1-1: Called Strike
1-2: Strikes out swinging
Top of the 2nd over - 0 run(s), 1 hit(s), 0 error(s), 1 left on base; Houston 2 - Santa Barbara 2
BOTTOM OF THE 2ND
Santa Barbara Golden Cranes batting - Pitching for Houston BC : LHP Shawn Arnold
Batting: RHB Rob Thomason 0-0: Foul Ball, location: 2F
0-1: Called Strike
0-2: Ground out 6-3 (Groundball, 6M)
Batting: RHB Pepe Castroneves 0-0: Ball
1-0: Ground out 5-3 (Groundball, 5)
Batting: RHB Everette Jeffers 0-0: SOLO HOME RUN (Flyball, 89XD), Distance : 389 ft
Batting: RHB Ted Young 0-0: Ball
1-0: Ball
2-0: Foul Ball, location: 2F
2-1: Ball
3-1: Base on Balls
Batting: RHB Logan Manning 0-0: Ball
1-0: Ball
2-0: Called Strike
2-1: Foul Ball, location: 2F
2-2: Strikes out swinging
Bottom of the 2nd over - 1 run(s), 1 hit(s), 0 error(s), 1 left on base; Houston 2 - Santa Barbara 3
TOP OF THE 3RD
Houston BC batting - Pitching for Santa Barbara Golden Cranes : RHP Alex Simmons
Batting: LHB Álex Ramírez 0-0: Called Strike
0-1: Foul Ball, location: 2F
0-2: Ball
1-2: SINGLE (Line Drive, 8RS)
Batting: SHB Ricardo Pérez 0-0: Ball
Álex Ramírez steals 2nd base
1-0: Foul Ball, location: 2F
1-1: Ground out 3-1 (Groundball, 34)
Álex Ramírez to third
Batting: LHB Raúl Trevino 0-0: Ball
1-0: Swinging Strike
1-1: Fly out, F4 (Line Drive, 4)
Batting: RHB Joseph Gray 0-0: Ball
1-0: Ball
2-0: Fly out, F8 (Line Drive, 8LM)
Top of the 3rd over - 0 run(s), 1 hit(s), 0 error(s), 1 left on base; Houston 2 - Santa Barbara 3
BOTTOM OF THE 3RD
Santa Barbara Golden Cranes batting - Pitching for Houston BC : LHP Shawn Arnold
Batting: RHB Xavier Hernández 0-0: Foul Ball, location: 2F
0-1: Ball
1-1: Ball
2-1: Ground out 1-3 (Groundball, 13S)
Batting: RHB Gilbert Graham 0-0: Ball
1-0: Ball
2-0: Swinging Strike
2-1: Foul Ball, location: 2F
2-2: Foul Ball, location: 2F
2-2: Ground out 6-3 (Groundball, 6)
Batting: RHB Salvador Noriega 0-0: Called Strike
0-1: Foul Ball, location: 2F
0-2: Fly out, F9 (Line Drive, 9S)
Bottom of the 3rd over - 0 run(s), 0 hit(s), 0 error(s), 0 left on base; Houston 2 - Santa Barbara 3
TOP OF THE 4TH
Houston BC batting - Pitching for Santa Barbara Golden Cranes : RHP Alex Simmons
Batting: RHB Dennis Morrow 0-0: Called Strike
0-1: Fly out, F9 (Popup, 34D)
Batting: RHB António Sánchez 0-0: Foul Ball, location: 2F
0-1: Ball
1-1: Ball
2-1: Foul Ball, location: 2F
2-2: Strikes out swinging
Batting: RHB Albert Delgado 0-0: Ball
1-0: Ball
2-0: Ball
3-0: Called Strike
3-1: Ground out 6-3 (Groundball, 6)
Top of the 4th over - 0 run(s), 0 hit(s), 0 error(s), 0 left on base; Houston 2 - Santa Barbara 3
BOTTOM OF THE 4TH
Santa Barbara Golden Cranes batting - Pitching for Houston BC : LHP Shawn Arnold
Batting: LHB Manny Rosário 0-0: Swinging Strike
0-1: Ball
1-1: DOUBLE (Line Drive, 9LM)
Batting: RHB Rob Thomason 0-0: Called Strike
0-1: Called Strike
0-2: SINGLE (Groundball, 34S)
Manny Rosário to third
Runner from 3rd tries for Home, SAFE, no throw or cutoff
Batting: RHB Pepe Castroneves 0-0: Fly out, F9 (Flyball, 9M)
Batting: RHB Everette Jeffers 0-0: Called Strike
0-1: 2-RUN HOME RUN (Flyball, 8LXD), Distance : 436 ft
Batting: RHB Ted Young 0-0: Fly out, F2 (Popup, 2L)
Batting: RHB Logan Manning 0-0: Ground out 3-1 (Groundball, 34)
Bottom of the 4th over - 3 run(s), 3 hit(s), 0 error(s), 0 left on base; Houston 2 - Santa Barbara 6
TOP OF THE 5TH
Houston BC batting - Pitching for Santa Barbara Golden Cranes : RHP Alex Simmons
Batting: RHB León Cabrera 0-0: Called Strike
0-1: SINGLE (Groundball, 56D)
Batting: RHB Ludovico Trezza 0-0: Called Strike
0-1: Ball
1-1: Foul Ball, location: 2F
1-2: Foul Ball, location: 2F
1-2: Foul Ball, location: 2F
1-2: Fielders Choice at 2nd, 1-6 (Groundball, 15S)
Batting: LHB Álex Ramírez 0-0: Ball
1-0: Ball
2-0: Called Strike
2-1: Foul Ball, location: 2F
2-2: SINGLE (Line Drive, 89S)
Ludovico Trezza to second
Batting: SHB Ricardo Pérez 0-0: Ball
1-0: Foul Ball, location: 2F
1-1: Ball
2-1: Called Strike
2-2: Ball
3-2: Base on Balls
Ludovico Trezza to third
Álex Ramírez to second
Batting: LHB Raúl Trevino 0-0: Ball
Wild Pitch!
Ludovico Trezza scores
Álex Ramírez to third
Ricardo Pérez to second
1-0: Ball
2-0: Ball
3-0: Called Strike
3-1: Base on Balls
Batting: RHB Joseph Gray 0-0: Ball
1-0: Grounds into double play, 4-6-3 (Groundball, 4)
Top of the 5th over - 1 run(s), 2 hit(s), 0 error(s), 2 left on base; Houston 3 - Santa Barbara 6
BOTTOM OF THE 5TH
Santa Barbara Golden Cranes batting - Pitching for Houston BC : LHP Shawn Arnold
Batting: RHB Xavier Hernández 0-0: Ball
1-0: Called Strike
1-1: Foul Ball, location: 2F
1-2: Ground out 6-3 (Groundball, 6S)
Batting: RHB Gilbert Graham 0-0: Ball
1-0: Swinging Strike
1-1: Swinging Strike
1-2: Ball
2-2: Strikes out swinging
Batting: RHB Salvador Noriega 0-0: Called Strike
0-1: Ball
1-1: Ball
2-1: Called Strike
2-2: Strikes out swinging
Bottom of the 5th over - 0 run(s), 0 hit(s), 0 error(s), 0 left on base; Houston 3 - Santa Barbara 6
TOP OF THE 6TH
Houston BC batting - Pitching for Santa Barbara Golden Cranes : RHP Alex Simmons
Batting: RHB Dennis Morrow 0-0: Foul Ball, location: 2F
0-1: Hit by Pitch
Batting: RHB António Sánchez 0-0: Ball
1-0: Ball
2-0: 2-RUN HOME RUN (Flyball, 7LD), Distance : 365 ft
Batting: RHB Albert Delgado 0-0: Ball
1-0: Called Strike
1-1: Ball
2-1: SINGLE (Groundball, 6M)
Batting: RHB León Cabrera 0-0: Bunted foul
0-1: Bunt missed!
0-2: Grounds into double play, 5-4-3 (Groundball, 56)
Batting: RHB Ludovico Trezza 0-0: Foul Ball, location: 2F
0-1: Ball
1-1: Ball
2-1: Ground out 6-3 (Groundball, 56)
Top of the 6th over - 2 run(s), 2 hit(s), 0 error(s), 0 left on base; Houston 5 - Santa Barbara 6
BOTTOM OF THE 6TH
Santa Barbara Golden Cranes batting - Pitching for Houston BC : LHP Shawn Arnold
Batting: LHB Manny Rosário 0-0: Fly out, F6 (Popup, 6MD)
Batting: RHB Rob Thomason 0-0: Foul Ball, location: 2F
0-1: Foul Ball, location: 2F
0-2: Ball
1-2: Strikes out looking
Batting: RHB Pepe Castroneves 0-0: Called Strike
0-1: Swinging Strike
0-2: Strikes out swinging
Bottom of the 6th over - 0 run(s), 0 hit(s), 0 error(s), 0 left on base; Houston 5 - Santa Barbara 6
TOP OF THE 7TH
Houston BC batting - Pitching for Santa Barbara Golden Cranes : RHP Alex Simmons
Batting: LHB Álex Ramírez 0-0: Called Strike
0-1: Foul Ball, location: 2F
0-2: SINGLE (Groundball, 34D)
Batting: SHB Ricardo Pérez 0-0: Called Strike
0-1: SINGLE (Line Drive, 89S)
Álex Ramírez to second
Runner from 2nd tries for 3rd, OUT!
Ricardo Pérez to second
Batting: LHB Raúl Trevino 0-0: Ground out 4-3 (Groundball, 4)
Ricardo Pérez to third
Batting: RHB Joseph Gray 0-0: Called Strike
0-1: Called Strike
0-2: Strikes out swinging
Top of the 7th over - 0 run(s), 2 hit(s), 0 error(s), 1 left on base; Houston 5 - Santa Barbara 6
BOTTOM OF THE 7TH
Santa Barbara Golden Cranes batting - Pitching for Houston BC : LHP Shawn Arnold
Batting: RHB Everette Jeffers 0-0: Ball
1-0: Ball
2-0: Foul Ball, location: 2F
2-1: Foul Ball, location: 2F
2-2: Foul Ball, location: 2F
2-2: Ball
3-2: Base on Balls
Batting: RHB Ted Young 0-0: Sac Bunt - play at first, batter OUT! 2-4
Everette Jeffers to second
Batting: RHB Logan Manning 0-0: Ball
Wild Pitch!
Everette Jeffers to third
1-0: Ball
2-0: Foul Ball, location: 2F
2-1: Ground out 3-1 (Groundball, 34)
Batting: RHB Xavier Hernández 0-0: Called Strike
0-1: Ball
1-1: Ball
2-1: Foul Ball, location: 2F
2-2: Strikes out looking
Bottom of the 7th over - 0 run(s), 0 hit(s), 0 error(s), 1 left on base; Houston 5 - Santa Barbara 6
TOP OF THE 8TH
Houston BC batting - Pitching for Santa Barbara Golden Cranes : RHP Alex Simmons
Pitching: RHP Xavier Andrade
Batting: RHB Dennis Morrow 0-0: Called Strike
0-1: Ball
1-1: Ball
2-1: Called Strike
2-2: Foul Ball, location: 2F
2-2: Foul Ball, location: 2F
2-2: Ball
3-2: Foul Ball, location: 2F
3-2: Strikes out swinging
Batting: RHB António Sánchez 0-0: Ball
1-0: Called Strike
1-1: Ball
2-1: Ball
3-1: Foul Ball, location: 2F
3-2: Foul Ball, location: 2F
3-2: Foul Ball, location: 2F
3-2: Foul Ball, location: 2F
3-2: DOUBLE (Line Drive, 9LS)
Pinch Hitting: RHB Craig Stewart 0-0: Ball
1-0: Ball
2-0: Ball
3-0: Base on Balls
Batting: RHB León Cabrera 0-0: Ball
1-0: Swinging Strike
1-1: Ball
2-1: Ball
3-1: Swinging Strike
3-2: Base on Balls
António Sánchez to third
Craig Stewart to second
Batting: RHB Ludovico Trezza 0-0: Ball
1-0: Ball
2-0: Fly out, F9 (Flyball, 89M)
Runner from 3rd tags up, SCORES, no throw
Batting: LHB Álex Ramírez 0-0: Ball
1-0: Ball
2-0: Called Strike
2-1: Ground out 6-3 (Groundball, 6)
Top of the 8th over - 1 run(s), 1 hit(s), 0 error(s), 2 left on base; Houston 6 - Santa Barbara 6
BOTTOM OF THE 8TH
Santa Barbara Golden Cranes batting - Pitching for Houston BC : LHP Shawn Arnold
Now in RF: Craig Stewart
Batting: RHB Gilbert Graham 0-0: Ball
1-0: Fly out, F9 (Line Drive, 89D)
Batting: RHB Salvador Noriega 0-0: Ball
1-0: Swinging Strike
1-1: Ball
2-1: Foul Ball, location: 2F
2-2: Strikes out swinging
Batting: LHB Manny Rosário 0-0: Ball
1-0: Foul Ball, location: 2F
1-1: Swinging Strike
1-2: Strikes out swinging
Bottom of the 8th over - 0 run(s), 0 hit(s), 0 error(s), 0 left on base; Houston 6 - Santa Barbara 6
TOP OF THE 9TH
Houston BC batting - Pitching for Santa Barbara Golden Cranes : RHP Xavier Andrade
Pitching: RHP Enrique García
Batting: SHB Ricardo Pérez 0-0: Ball
1-0: Ball
2-0: Ground out 4-3 (Groundball, 4)
Batting: LHB Raúl Trevino 0-0: Called Strike
0-1: SINGLE (Groundball, 34)
Batting: RHB Joseph Gray 0-0: Fly out, F9 (Flyball, 9S)
Batting: RHB Dennis Morrow 0-0: Ball
1-0: Swinging Strike
1-1: Called Strike
1-2: Ball
Raúl Trevino steals 2nd base
2-2: Foul Ball, location: 2F
2-2: Strikes out swinging
Top of the 9th over - 0 run(s), 1 hit(s), 0 error(s), 1 left on base; Houston 6 - Santa Barbara 6
BOTTOM OF THE 9TH
Santa Barbara Golden Cranes batting - Pitching for Houston BC : LHP Shawn Arnold
Batting: RHB Rob Thomason 0-0: Ball
1-0: Ball
2-0: Called Strike
2-1: Foul Ball, location: 2F
2-2: Strikes out swinging
Pitching: RHP Katsuyoshi Takuda
Pinch Hitting: SHB Wilbert Carter 0-0: Called Strike
0-1: Foul Ball, location: 2F
0-2: Strikes out swinging
Batting: RHB Everette Jeffers 0-0: Ball
1-0: Ball
2-0: Ball
3-0: Base on Balls
Pinch Hitting: RHB Ángel Ruezga 0-0: SINGLE (Groundball, 56)
Everette Jeffers to second
Batting: RHB Logan Manning 0-0: SINGLE (Groundball, 56D)
Everette Jeffers to third
Ángel Ruezga to second
Runner from 3rd tries for Home, SAFE, no throw or cutoff
This league is powered by Out of the Park Baseball, the baseball management simulation game for PC, Mac and Linux
Monday, October 3rd, 2016 - OOTP Baseball 16.9 Build 39